ORI
UNIVERSITY OF GEORGIA BULLDOGS @ CALIFORNIA STATE UNIVERSITY AT FULLERTON TITANS
08/18/2046
 
TOP OF THE 1ST
University of Georgia Bulldogs batting - Pitching for California State University at Fullerton Titans : RHP Nelson Araujo
Pitching: RHP Nelson Araujo
Batting: RHB Jeff Wornick 0-0: Called Strike
0-1: Ball
1-1: Ground out 6-3 (Groundball, 6, EV 88.8 MPH)
Batting: RHB Murilo Cunha 0-0: Swinging Strike
0-1: Foul Ball, location: 2F
0-2: Strikes out swinging
Batting: RHB James Warby 0-0: Called Strike
0-1: Ground out 1-3 (Groundball, 13S, EV 71.9 MPH)
Top of the 1st over - 0 runs, 0 hits, 0 errors, 0 left on base; University of Georgia 0 - California State University at Fullerton 0
BOTTOM OF THE 1ST
California State University at Fullerton Titans batting - Pitching for University of Georgia Bulldogs : RHP Rich Gold
Pitching: RHP Rich Gold
Batting: LHB Bill Helmer 0-0: Ground out 1-3 (Groundball, 13S, EV 75.0 MPH)
Batting: RHB Zach Warwick 0-0: Ball
1-0: Swinging Strike
1-1: Foul Ball, location: 2F
1-2: Strikes out looking
Batting: RHB Simon Sultzbach 0-0: Ball
1-0: Called Strike
1-1: Swinging Strike
1-2: DOUBLE (Flyball, 8RD, EV 91.9 MPH) - OUT at third base trying to stretch hit.
Bottom of the 1st over - 0 runs, 1 hit, 0 errors, 0 left on base; University of Georgia 0 - California State University at Fullerton 0
TOP OF THE 2ND
University of Georgia Bulldogs batting - Pitching for California State University at Fullerton Titans : RHP Nelson Araujo
Batting: RHB Rodolfo Solis 0-0: Called Strike
0-1: Called Strike
0-2: Ball
1-2: Foul Ball, location: 2F
1-2: Foul Ball, location: 2F
1-2: Strikes out swinging
Batting: LHB Cole Sanchez 0-0: Called Strike
0-1: Ball
1-1: Foul Ball, location: 2F
1-2: Strikes out swinging
Batting: RHB Pete Goerge 0-0: Called Strike
0-1: Foul Ball, location: 2F
0-2: Ball
1-2: Ball
2-2: Ball
3-2: Strikes out looking
Top of the 2nd over - 0 runs, 0 hits, 0 errors, 0 left on base; University of Georgia 0 - California State University at Fullerton 0
BOTTOM OF THE 2ND
California State University at Fullerton Titans batting - Pitching for University of Georgia Bulldogs : RHP Rich Gold
Batting: RHB Ken Hillman 0-0: Fly out, F7 (Flyball, 7D, EV 83.1 MPH)
Batting: LHB Jim Snell 0-0: Called Strike
0-1: Swinging Strike
0-2: Ball
1-2: Ball
2-2: Foul Ball, location: 2F
2-2: Ball
3-2: Fly out, F9 (Flyball, 9, EV 91.2 MPH)
Batting: RHB Brian Stacey 0-0: Called Strike
0-1: Ball
1-1: Ball
2-1: Called Strike
2-2: Strikes out swinging
Bottom of the 2nd over - 0 runs, 0 hits, 0 errors, 0 left on base; University of Georgia 0 - California State University at Fullerton 0
TOP OF THE 3RD
University of Georgia Bulldogs batting - Pitching for California State University at Fullerton Titans : RHP Nelson Araujo
Batting: LHB Milton Yeo 0-0: Ball
1-0: SINGLE (Groundball, 6MD, EV 96.2 MPH)
Batting: LHB Troy Jones 0-0: Foul Ball, location: 2F
0-1: Swinging Strike
0-2: Strikes out swinging
Batting: RHB Xin Zhang 0-0: Ball
1-0: DOUBLE (Line Drive, 8RD, EV 105.6 MPH)
Milton Yeo to third
Batting: RHB Jeff Wornick 0-0: Ball
1-0: Foul Ball, location: 2F
1-1: SINGLE (Groundball, 56D, EV 106.2 MPH)
Milton Yeo scores
Xin Zhang to third
Batting: RHB Murilo Cunha 0-0: Reached on error, E2 (Groundball, 15S, EV 71.2 MPH)
Xin Zhang scores
Jeff Wornick to second
Batting: RHB James Warby 0-0: Ball
1-0: Ball
2-0: Called Strike
2-1: Ball
3-1: Called Strike
3-2: Base on Balls
Jeff Wornick to third
Murilo Cunha to second
Batting: RHB Rodolfo Solis 0-0: Ball
1-0: Swinging Strike
1-1: Grounds into double play, 5-4-3 (Groundball, 5, EV 86.9 MPH)
Top of the 3rd over - 2 runs, 3 hits, 1 error, 2 left on base; University of Georgia 2 - California State University at Fullerton 0
BOTTOM OF THE 3RD
California State University at Fullerton Titans batting - Pitching for University of Georgia Bulldogs : RHP Rich Gold
Batting: RHB Sergio Cervantes 0-0: Swinging Strike
0-1: Foul Ball, location: 2F
0-2: Ball
1-2: Strikes out swinging
Batting: LHB Mike Fernandez 0-0: Called Strike
0-1: SINGLE (Groundball, 34S, EV 84.4 MPH) (infield hit)
Batting: SHB Jason Pugh 0-0: SINGLE (Groundball, 34D, EV 101.2 MPH)
Mike Fernandez to second
Runner from 2nd tries for 3rd, SAFE, throw by RF made to third
Batting: LHB Bill Helmer 0-0: DOUBLE (Flyball, 78D, EV 97.5 MPH)
Mike Fernandez scores
Jason Pugh to third
Runner from 3rd tries for Home, SAFE, no throw by LF
Batting: RHB Zach Warwick 0-0: Called Strike
0-1: Ball
1-1: Foul Ball, location: 2F
1-2: Strikes out swinging
Batting: RHB Simon Sultzbach 0-0: Ball
1-0: Fly out, F9 (Line Drive, 9, EV 109.4 MPH)
Bottom of the 3rd over - 2 runs, 3 hits, 0 errors, 1 left on base; University of Georgia 2 - California State University at Fullerton 2
TOP OF THE 4TH
University of Georgia Bulldogs batting - Pitching for California State University at Fullerton Titans : RHP Nelson Araujo
Batting: LHB Cole Sanchez 0-0: Ball
1-0: Fly out, F3 (Popup, 23F, EV 78.8 MPH)
Batting: RHB Pete Goerge 0-0: Called Strike
0-1: Ball
1-1: Called Strike
1-2: Strikes out swinging, 2-3 out at first.
Batting: LHB Milton Yeo 0-0: Ground out 3-1 (Groundball, 34S, EV 94.4 MPH)
Top of the 4th over - 0 runs, 0 hits, 0 errors, 0 left on base; University of Georgia 2 - California State University at Fullerton 2
BOTTOM OF THE 4TH
California State University at Fullerton Titans batting - Pitching for University of Georgia Bulldogs : RHP Rich Gold
Batting: RHB Ken Hillman 0-0: Ball
1-0: Swinging Strike
1-1: Foul Ball, location: 2F
1-2: Foul Ball, location: 2F
1-2: Strikes out swinging
Batting: LHB Jim Snell 0-0: Called Strike
0-1: Swinging Strike
0-2: Ball
1-2: Strikes out swinging
Batting: RHB Brian Stacey 0-0: Swinging Strike
0-1: Ball
1-1: Ball
2-1: Called Strike
2-2: DOUBLE (Flyball, 78XD, EV 98.1 MPH)
Batting: RHB Sergio Cervantes 0-0: Called Strike
0-1: Swinging Strike
0-2: SINGLE (Groundball, 56D, EV 99.4 MPH)
Brian Stacey to third
Runner from 3rd tries for Home, throw by LF and OUT! 7-2
Bottom of the 4th over - 0 runs, 2 hits, 0 errors, 1 left on base; University of Georgia 2 - California State University at Fullerton 2
TOP OF THE 5TH
University of Georgia Bulldogs batting - Pitching for California State University at Fullerton Titans : RHP Nelson Araujo
Now at 3B: Nick Pothier
Now at SS: Felipe Lara
Now in LF: Efrain Gonzalez
Now in CF: Alex Freyre
Batting: LHB Troy Jones 0-0: Called Strike
0-1: Reached on error, E4 (Groundball, 4, EV 81.2 MPH)
Batting: RHB Xin Zhang 0-0: Ball
1-0: Foul Ball, location: 2F
1-1: Called Strike
1-2: Strikes out swinging
Batting: RHB Jeff Wornick Balk!
Troy Jones to third
Pinch Hitting: LHB John Maitland 0-0: SINGLE (Groundball, 4D, EV 106.2 MPH)
Troy Jones scores
Batting: RHB Murilo Cunha 0-0: Swinging Strike
0-1: Swinging Strike
0-2: Ball
1-2: Strikes out swinging
John Maitland is caught stealing 2nd base 2-4
Batter strikes out.
Top of the 5th over - 1 run, 1 hit, 1 error, 0 left on base; University of Georgia 3 - California State University at Fullerton 2
BOTTOM OF THE 5TH
California State University at Fullerton Titans batting - Pitching for University of Georgia Bulldogs : RHP Rich Gold
Now at C: Hairama Seiuli
Now at 1B: Casey Bass
Now at 2B: Bryan Sokol
Now in RF: Ed Howard
Batting: LHB Mike Fernandez 0-0: Swinging Strike
0-1: Called Strike
0-2: Strikes out swinging
Batting: SHB Jason Pugh 0-0: Ball
1-0: Ball
2-0: Called Strike
2-1: Ball
3-1: Swinging Strike
3-2: Strikes out swinging
Batting: RHB Alex Freyre 0-0: Ball
1-0: Foul Ball, location: 2F
1-1: Swinging Strike
1-2: Fly out, F8 (Flyball, 78M, EV 85.6 MPH)
Bottom of the 5th over - 0 runs, 0 hits, 0 errors, 0 left on base; University of Georgia 3 - California State University at Fullerton 2
TOP OF THE 6TH
University of Georgia Bulldogs batting - Pitching for California State University at Fullerton Titans : RHP Nelson Araujo
Now at 2B: Alex Rivas
Now in RF: Steve Lane
Pinch Hitting: RHB Albert Rodriguez 0-0: Swinging Strike
0-1: Ball
1-1: Ball
2-1: Called Strike
2-2: Strikes out swinging
Batting: RHB Ed Howard 0-0: Ball
1-0: Fly out, F8 (Flyball, 8LXD, EV 97.5 MPH)
Batting: SHB Hairama Seiuli 0-0: Ball
1-0: Called Strike
1-1: Swinging Strike
1-2: Strikes out looking
Top of the 6th over - 0 runs, 0 hits, 0 errors, 0 left on base; University of Georgia 3 - California State University at Fullerton 2
BOTTOM OF THE 6TH
California State University at Fullerton Titans batting - Pitching for University of Georgia Bulldogs : RHP Rich Gold
Pitching: RHP Chris Roddy
Now at SS: Albert Rodriguez
Batting: RHB Zach Warwick 0-0: Swinging Strike
0-1: Foul Ball, location: 2F
0-2: Ball
1-2: Foul Ball, location: 2F
1-2: Strikes out swinging, 2-3 out at first.
Batting: LHB John Blumberg 0-0: Ball
1-0: Ball
2-0: Called Strike
2-1: Foul Ball, location: 2F
2-2: Strikes out looking
Pinch Hitting: RHB Justin Thomas 0-0: Ground out 6-3 (Groundball, 6, EV 103.8 MPH)
Bottom of the 6th over - 0 runs, 0 hits, 0 errors, 0 left on base; University of Georgia 3 - California State University at Fullerton 2
TOP OF THE 7TH
University of Georgia Bulldogs batting - Pitching for California State University at Fullerton Titans : RHP Nelson Araujo
Pitching: RHP Rich McCain
Now at C: Jim Cahan
Now at 1B: Matt Martin
Now at 3B: Hassan Thomas
Batting: LHB Casey Bass 0-0: Ball
1-0: Called Strike
1-1: Called Strike
1-2: Strikes out swinging
Batting: LHB Bryan Ross 0-0: Ball
1-0: Ball
2-0: Ball
3-0: Called Strike
3-1: Base on Balls
Pinch Hitting: LHB Edwin Zavala 0-0: Ball
1-0: Ball
2-0: Fly out, F4 (Line Drive, 34, EV 66.2 MPH)
Pinch Hitting: LHB Luis Mejia 0-0: Ball
1-0: Ball
2-0: Called Strike
2-1: Ball
3-1: Base on Balls
Bryan Ross to second
Batting: RHB Bryan Sokol 0-0: Ball
1-0: Ball
Wild Pitch!
Bryan Ross to third
Luis Mejia to second
2-0: Ball
3-0: Called Strike
3-1: DOUBLE (Flyball, 78D, EV 93.1 MPH)
Bryan Ross scores
Luis Mejia scores
Pinch Hitting: LHB Dennis Klein 0-0: Ball
1-0: Foul Ball, location: 2F
1-1: Ball
2-1: Called Strike
2-2: Ball
3-2: Strikes out swinging
Top of the 7th over - 2 runs, 1 hit, 0 errors, 1 left on base; University of Georgia 5 - California State University at Fullerton 2
BOTTOM OF THE 7TH
California State University at Fullerton Titans batting - Pitching for University of Georgia Bulldogs : RHP Chris Roddy
Now at 3B: Luis Mejia
Now in LF: Sloan Rayner
Now in CF: Salvatore Jaime
Batting: RHB Felipe Lara 0-0: Called Strike
0-1: Foul Ball, location: 2F
0-2: Ball
1-2: Ground out 5-3 (Groundball, 56, EV 83.8 MPH)
Batting: LHB Efrain Gonzalez 0-0: Called Strike
0-1: Foul Ball, location: 2F
0-2: Ball
1-2: Ground out 4-3 (Groundball, 4M, EV 109.4 MPH)
Batting: RHB Matt Martin 0-0: Called Strike
0-1: Ball
1-1: Ball
2-1: Swinging Strike
2-2: Strikes out looking
Bottom of the 7th over - 0 runs, 0 hits, 0 errors, 0 left on base; University of Georgia 5 - California State University at Fullerton 2
TOP OF THE 8TH
University of Georgia Bulldogs batting - Pitching for California State University at Fullerton Titans : RHP Rich McCain
Batting: RHB Albert Rodriguez 0-0: Swinging Strike
0-1: Ball
1-1: Ball
2-1: Swinging Strike
2-2: Foul Ball, location: 2F
2-2: Strikes out swinging
Batting: RHB Ed Howard 0-0: Called Strike
0-1: Swinging Strike
0-2: Ball
1-2: Strikes out looking
Batting: SHB Hairama Seiuli 0-0: Ball
1-0: Ball
2-0: Ground out 3-1 (Groundball, 34, EV 91.2 MPH)
Top of the 8th over - 0 runs, 0 hits, 0 errors, 0 left on base; University of Georgia 5 - California State University at Fullerton 2
BOTTOM OF THE 8TH
California State University at Fullerton Titans batting - Pitching for University of Georgia Bulldogs : RHP Chris Roddy
Pitching: LHP Andres Caceres
Pinch Hitting: RHB Joe McKinzie 0-0: Swinging Strike
0-1: Foul Ball, location: 2F
0-2: Strikes out looking
Batting: RHB Alex Rivas 0-0: Ball
1-0: Foul Ball, location: 2F
1-1: Ball
2-1: Ground out 6-3 (Groundball, 6, EV 99.4 MPH)
Batting: RHB Alex Freyre 0-0: Ball
1-0: Ball
2-0: Ball
3-0: Base on Balls
Batting: RHB Hassan Thomas 0-0: Ball
1-0: Foul Ball, location: 2F
1-1: Swinging Strike
1-2: Strikes out swinging
Bottom of the 8th over - 0 runs, 0 hits, 0 errors, 1 left on base; University of Georgia 5 - California State University at Fullerton 2
TOP OF THE 9TH
University of Georgia Bulldogs batting - Pitching for California State University at Fullerton Titans : RHP Rich McCain
Pitching: LHP Hugo Alba
Now in RF: Joe McKinzie
Pinch Hitting: RHB Pat Svenson 0-0: Foul Ball, location: 2F
0-1: Ball
1-1: Ball
2-1: Ball
3-1: Base on Balls
Batting: LHB Bryan Ross 0-0: Bunt missed!
0-1: Sac Bunt to 23 - play at first, batter OUT! 3-4
Pat Svenson to second
Batting: RHB Salvatore Jaime 0-0: Swinging Strike
0-1: Ball
1-1: Ball
2-1: Swinging Strike
2-2: Strikes out looking
Batting: LHB Luis Mejia 0-0: Ball
1-0: Ball
2-0: Called Strike
2-1: Ball
3-1: Foul Ball, location: 2F
3-2: DOUBLE (Line Drive, 78XD, EV 109.4 MPH)
Pat Svenson scores
Batting: RHB Bryan Sokol 0-0: Ball
1-0: Ball
2-0: Foul Ball, location: 2F
2-1: Foul Ball, location: 2F
2-2: Strikes out swinging
Top of the 9th over - 1 run, 1 hit, 0 errors, 1 left on base; University of Georgia 6 - California State University at Fullerton 2
BOTTOM OF THE 9TH
California State University at Fullerton Titans batting - Pitching for University of Georgia Bulldogs : LHP Andres Caceres
Pitching: RHP Francisco Almanzar
Now at 1B: Josh Cavaleri
Batting: LHB John Blumberg 0-0: Ball
1-0: Ball
2-0: Ball
3-0: Base on Balls
Pinch Hitting: LHB B.J. Ferguson 0-0: Called Strike
0-1: Ball
1-1: Ball
2-1: Foul Ball, location: 2F
2-2: Reached via error on a dropped throw from 2B, E3 (Groundball, 4M, EV 106.2 MPH)
John Blumberg to second
Pinch Hitting: LHB Mike Lauritsen 0-0: Ball
1-0: Foul Ball, location: 2F
1-1: Ball
2-1: Fly out, F9 (Line Drive, 89D, EV 96.9 MPH)
Pitching: RHP Lev Rozinov
Pinch Hitting: SHB John Loechel 0-0: Ball
1-0: Ball
2-0: Ball
3-0: Swinging Strike
3-1: Fly out, F6 (Popup, 56, EV 65.0 MPH)
Pinch Hitting: LHB Sean Jacobs 0-0: Ball
1-0: Foul Ball, location: 2F
1-1: Ground out 3-1 (Groundball, 34S, EV 86.9 MPH)
Bottom of the 9th over - 0 runs, 0 hits, 1 error, 2 left on base; University of Georgia 6 - California State University at Fullerton 2
Tuesday, September 13th , 2022 - OOTP Baseball 23.7 Build 88